 Dungeon Crawl Stone Soup version 0.30.0-30-g96aa6591b8 (webtiles) character file.

Game seed: 10121329770835236502

1767 cheesebisquit the Trooper (level 9, -1/70 HPs)
             Began as a Djinni Necromancer on June 26, 2023.
             Slain by a gnoll
             ... wielding a +0 halberd
             ... led by a gnoll sergeant
              (7 damage)
             ... on level 7 of the Dungeon.
             The game lasted 00:26:25 (5865 turns).

cheesebisquit the Trooper (Djinni Necromancer)      Turns: 5865, Time: 00:26:25

Health: -1/70      AC:  6    Str:  7    XL:     9   Next: 28%
Gold:   101        EV: 12    Int: 21    God:
                   SH:  0    Dex: 14

rFire   + + .        f - +1 dagger (vamp)
rCold   . . .        (no shield)
rNeg    . . .        a - +0 robe
rPois   ∞            (no helmet)
rElec   .            (no cloak)
rCorr   .            (no gloves)
SInv    .            (boots unavailable)
Will    .....        (no amulet)
Stlth   ++           q - +4 ring of protection
HPRegen 0.31/turn    v - ring of protection from cold
MPRegen 0.00/turn

%: infuse magic (-2 HP)
@: wereblooded, animating dead, flying
A: sickness immunity, fire resistance 2, cold vulnerability 1, float, innate
caster, HP casting, extra vitality 1
a: no special abilities


You were on level 7 of the Dungeon.
You visited 1 branch of the dungeon, and saw 7 of its levels.

You collected 429 gold pieces.
You spent 328 gold pieces at shops.

Inventory:

Hand Weapons
 f - a +1 vampiric dagger (weapon)
Missiles
 d - 18 poisoned darts
 h - 2 javelins
 j - 3 curare-tipped darts
 x - a throwing net
Armour
 a - a +0 robe (worn)
 p - a +0 kite shield
Jewellery
 e - a ring of ice
 q - a +4 ring of protection (left hand)
 v - a ring of protection from cold (right hand)
 y - a ring of fire
Wands
 C - a wand of charming (1)
Scrolls
 b - 4 scrolls of teleportation
 g - a scroll of poison
 k - a scroll of immolation
 l - a scroll of enchant armour {unknown}
 n - a scroll of enchant weapon
 r - a scroll of blinking {unknown}
 s - a scroll of fog {unknown}
 u - a scroll of fear {unknown}
 A - a scroll of silence
Potions
 c - 4 potions of curing
 m - a potion of might
 o - 3 potions of brilliance
 t - a potion of lignification
 w - 2 potions of cancellation
 B - a potion of attraction
 D - a potion of mutation


   Skills:
 + Level 7.9 Fighting
 - Level 2.1 Dodging
 - Level 1.5 Stealth
 + Level 7.0 Spellcasting


You knew the following spells:

 Your Spells              Type           Power      Damage    Failure   Level
a - Necrotise             Necr           100%       1d9       1%          1
b - Vampiric Draining     Necr           37%        2d8       1%          3
c - Animate Dead          Necr           37%        N/A       4%          4
d - Agony                 Necr           37%        N/A       13%         5
e - Magic Dart            Conj           100%       1d8       1%          1
f - Wereblood             Tmut           37%        N/A       1%          2
g - Stone Arrow           Conj/Erth      74%        3d11      1%          3
h - Fulminant Prism       Conj/Hex       18%        3d10      4%          4
Your spell library was empty.

Dungeon Overview and Level Annotations

Branches:
Dungeon (7/15)             Temple (0/1) D:7

Altars:
Fedhas
Nemelex Xobeh
Trog
Wu Jian
Xom
Zin

Shops:
D:6 [*

Annotations:
D:3 2 transporters, GloriousHammer's ghost, amateur HOMo


Innate Abilities, Weirdness & Mutations

You are immune to sickness and miasma.
You are immune to poison.
Your flesh is very heat resistant. (rF++)
You are vulnerable to cold. (rC-)
You float through the air rather than walking.
You learn spells naturally, not from books.
Your magical power is your life essence.
You have superior vitality. (+4 MHP)


Message History

Casting: Stone Arrow (safe; 1% risk of failure)
Confirm with . or Enter, or press ? or * to list all spells.
Aiming: Stone Arrow (safe; 1% risk of failure)
Press: ? - help, Shift-Dir - straight line, f - gnoll
Aim: a gnoll, wielding a +2 heavy spear (77% to hit)
The stone arrow hits the gnoll!!
You kill the gnoll!
The dead are walking!
The gnoll closely misses you.
The gnoll sergeant hits you from afar with a +6 spear of freezing!
* * * LOW HITPOINT WARNING * * *
The gnoll sergeant freezes you.
* * * LOW HITPOINT WARNING * * *
You feel much better. The gnoll misses you.
The gnoll sergeant hits you from afar with a +6 spear of freezing.
The gnoll sergeant freezes you.
* * * LOW HITPOINT WARNING * * *
Casting: Stone Arrow (safe; 1% risk of failure)
Confirm with . or Enter, or press ? or * to list all spells.
Aiming: Stone Arrow (safe; 1% risk of failure)
Press: ? - help, Shift-Dir - straight line, f - gnoll sergeant
Aim: a gnoll sergeant, wielding a +6 spear of freezing and wearing a +0 scale mail (81% to hit)
The stone arrow hits the gnoll sergeant!!
The gnoll sergeant is severely wounded.
* * * LOW HITPOINT WARNING * * *
The gnoll closely misses you.
The gnoll sergeant hits you from afar with a +6 spear of freezing!
* * * LOW HITPOINT WARNING * * *
The gnoll sergeant freezes you.
* * * LOW HITPOINT WARNING * * *
Casting: Stone Arrow (safe; 1% risk of failure)
Confirm with . or Enter, or press ? or * to list all spells.
Aiming: Stone Arrow (safe; 1% risk of failure)
Press: ? - help, Shift-Dir - straight line, f/p - gnoll sergeant
Aim: a gnoll sergeant, wielding a +6 spear of freezing and wearing a +0 scale mail (severely wounded, 81% to hit)
The stone arrow hits the gnoll sergeant!!
You kill the gnoll sergeant!
* * * LOW HITPOINT WARNING * * *
The dead are walking!
The gnoll hits you from afar with a +0 halberd!
You die...

,*,,**,,,,,,**,#..,,* ######..##
*,,,,*,,.........,,,* #.....)...
,,,*,,,,...,.....,,,* #.#..))###
,,*,,,,,,.......##### #.#.<..#,,
,*****,,.,...#......# #.#....#^,
,,*,,,,,#.##.#...##.####.#....#,,
,,,*,,,,....................###,,
*,,,,,,*##.#..g.Z.[>.###.#....#,,
,*,,**,,......).@...## #......#**
,,,***,,.....)Z....># ###.#.....
,,** *,,.....Z..##### #.+.....
,** *,,........# ###...~~
******,,........# *...≈≈
,,,,,,,,........# *.#.~#
,,,,,,,,....!...# *,*,~*
,,,,,,,,####....# *,*,~*
,,,,,,,,,* *,,,,* *,*,~*


You could see a gnoll (ally target), 2 friendly gnoll zombies and a friendly
gnoll sergeant zombie.

Vanquished Creatures
  Grinder (D:5)
  A sky beast (D:7)
  2 ice beasts
  A phantom (D:5)
  A kobold brigand (D:7)
  A bullfrog (D:6)
  A gnoll sergeant (D:7)
  3 wights (D:6)
  2 howler monkeys
  3 crimson imps (D:3)
  An orc priest (D:3)
  2 jellies
  3 hounds (D:4)
  A gnoll bouda (D:5)
  5 iguanas
  3 orc wizards
  12 adders
  12 gnolls
  A white imp (D:6)
  A worm (D:4)
  5 dart slugs
  10 orcs
  11 ball pythons
  4 bats
  6 endoplasms
  2 giant cockroaches
  5 goblins
  12 hobgoblins
  4 jackals (D:2)
  9 kobolds
  3 quokkas
  2 frilled lizards (D:3)
  10 rats
140 creatures vanquished.

Vanquished Creatures (others)
  A gnoll zombie (D:7)
  A kobold zombie (D:7)
2 creatures vanquished.

Grand Total: 142 creatures vanquished

Notes
Turn   | Place    | Note
-------+----------+-------------------------------------------
     0 | D:1      | cheesebisquit the Djinni Necromancer began the quest for
                  | the Orb.
     0 | D:1      | cheesebisquit set off with the following spells memorised:
                  | Necrotise, Vampiric Draining, Animate Dead, Agony.
     0 | D:1      | Reached XP level 1. HP: 15/15 MP: 0/0
    97 | D:1      | Reached skill level 1 in Fighting
    97 | D:1      | Reached XP level 2. HP: 19/22 MP: 0/0
   455 | D:1      | Reached XP level 3. HP: 25/27 MP: 0/0
   455 | D:1      | Learned a level 1 spell: Magic Dart
  1020 | D:2      | Reached XP level 4. HP: 31/33 MP: 0/0
  1756 | D:3      | Reached XP level 5. HP: 20/40 MP: 0/0
  1756 | D:3      | Learned a level 2 spell: Wereblood
  1997 | D:3      | Found a transporter.
  1999 | D:3      | Found a transporter.
  1999 | D:3      | Noticed GloriousHammer's ghost (amateur HOMo)
  2129 | D:3      | Reached XP level 6. HP: 15/46 MP: 0/0
  2387 | D:3      | You are sucked into a shaft and drop 2 floors!
  2387 | D:5      | Entered Level 5 of the Dungeon
  2537 | D:3      | Found a shimmering altar of Xom.
  3088 | D:4      | Found a sparkling altar of Nemelex Xobeh.
  3100 | D:4      | Reached XP level 7. HP: 53/53 MP: 0/0
  3100 | D:4      | Learned a level 3 spell: Stone Arrow
  3102 | D:4      | Reached skill level 5 in Spellcasting
  3828 | D:5      | Reached skill level 5 in Fighting
  3855 | D:5      | Noticed Grinder
  3858 | D:5      | Killed Grinder
  3859 | D:5      | Reached XP level 8. HP: 52/61 MP: 0/0
  4971 | D:6      | Found a bloodstained altar of Trog.
  4971 | D:6      | Found a blossoming altar of Fedhas.
  4994 | D:6      | Found an ornate altar of the Wu Jian Council.
  5043 | D:6      | Found a glowing silver altar of Zin.
  5215 | D:6      | Found Rostam's Dragon-Slaying Spoils.
  5252 | D:6      | Found Fyxuol's General Store.
  5256 | D:6      | Bought a potion of brilliance for 44 gold pieces
  5256 | D:6      | Bought a potion of curing for 33 gold pieces
  5256 | D:6      | Bought a scroll of silence for 104 gold pieces
  5256 | D:6      | Bought a potion of attraction for 33 gold pieces
  5256 | D:6      | Bought a potion of cancellation for 88 gold pieces
  5256 | D:6      | Bought a wand of charming (1) for 26 gold pieces
  5541 | D:6      | Found a blossoming altar of Fedhas.
  5550 | D:6      | Reached XP level 9. HP: 35/68 MP: 0/0
  5550 | D:6      | Learned a level 4 spell: Fulminant Prism
  5865 | D:7      | Slain by a gnoll

Illustrated notes

Levels and vault maps discovered:
D:1:      dpeg_arrival_rooms_b, layout_basic, minivault_24,
          minmay_misc_feat_encased, dreamdust_mushroom_princess,
          minmay_indecisive_spiral
D:2:      layout_loops_cross, chequers_serial_rivers_small_b,
          chequers_serial_rivers_micro_d
D:3:      layout_rooms, led_xom_imps, mainiacjoe_overflow_small_starburst,
          gammafunk_ghost_arena, serial_glass, glass_columns_c, glass_columns_a,
          feat_on_display, feat_on_display, feat_on_display,
          minmay_fractal_squares_5
D:4:      layout_loops_cross, nemelex_xobeh_ov_fountains_minmay
D:5:      layout_cave_pools, uniq_grinder
D:6:      layout_basic, amcnicky_altar_gilded, lemuel_doored_altar,
          chequers_temple_overflow_statue_of_worship, serial_shops,
          nicolae_shop_back_alley_shop, nicolae_shop_dragon_depot,
          kennysheep_small_circle
D:7:      layout_basic, nicolae_ru_the_path_less_chosen,
          minmay_temple_entry_arrows, enter_bailey_4, uniq_joseph, uniq_menkaure

Skill      XL: |  1  2  3  4  5  6  7  8  9 |
---------------+----------------------------+-----
Fighting       | 1 2 3 4 5 7 |  7.9
Spellcasting   | 4 5 6 7 |  7.0
Dodging        | |  2.1
Stealth        | |  1.5

Action                     |  1- 3 |  4- 6 |  7- 9 || total
---------------------------+-------+-------+-------++-------
  Melee: Unarmed           |       |     1 |       ||     1
   Cast: Necrotise         |    32 |       |       ||    32
         Vampiric Draining |    17 |    73 |     2 ||    92
         Magic Dart        |       |    49 |       ||    49
         Stone Arrow       |       |       |    87 ||    87
         Animate Dead      |       |       |     6 ||     6
         Wereblood         |       |       |     6 ||     6
    Use: Potion            |       |     1 |     1 ||     2
         Scroll            |       |       |     9 ||     9
 Armour: Robe              |     2 |    20 |     9 ||    31
  Dodge: Dodged            |    13 |    58 |    30 ||   101
